 Dungeon Crawl Stone Soup version 0.21-a0-401-g0b6bec4 (webtiles) character file.

4 riteheju the Sneak (level 1, -1/10 HPs)
             Began as a Spriggan Assassin on Oct 25, 2017.
             Slain by a leopard gecko (2 damage)
             ... on level 1 of the Dungeon.
             The game lasted 00:01:02 (178 turns).

riteheju the Sneak (Spriggan Assassin)               Turns: 178, Time: 00:01:03

Health: -1/10      AC:  3    Str:  7    XL:     1   Next: 50%
Magic:  2/2        EV: 17    Int: 12    God:
Gold:   10         SH:  0    Dex: 17    Spells: 0/0 levels left

rFire    . . .     SeeInvis +   a - +2 dagger
rCold    . . .     Gourm    .   (shield restricted)
rNeg     . . .     Faith    .   c - +0 robe
rPois    .         Spirit   .   (helmet restricted)
rElec    .         Reflect  .   d - +0 cloak
rCorr    .         Harm     .   (gloves unavailable)
MR       .....                  (boots unavailable)
Stlth    +++.......             (no amulet)
HPRegen  0.03/turn              (no ring)
MPRegen  0.08/turn              (no ring)

@: very quick
A: unfitting armour, see invisible, herbivore 3, speed 3, slow metabolism 2
a: no special abilities


You were on level 1 of the Dungeon.
You were not hungry.

You visited 1 branch of the dungeon, and saw 1 of its levels.

You collected 10 gold pieces.

Inventory:

Hand Weapons
 a - a +2 dagger (weapon)
 b - a +0 blowgun
Missiles
 e - 8 poisoned needles
 f - 2 curare-tipped needles
 i - 21 stones (quivered)
Armour
 c - a +0 robe (worn)
 d - a +0 cloak (worn)
Scrolls
 h - a scroll of recharging {unknown}
 j - a scroll of enchant weapon {unknown}
 l - a scroll of enchant armour {unknown}
Potions
 k - a potion of brilliance {unknown}
Comestibles
 g - a bread ration


   Skills:
 - Level 1.5 Fighting
 + Level 2.1 Short Blades
 - Level 2.0 Throwing
 + Level 1.5 Dodging
 + Level 6.2 Stealth


You couldn't memorise any spells.
You didn't know any spells.

Dungeon Overview and Level Annotations

Branches:
Dungeon (1/15)

Altars:


Innate Abilities, Weirdness & Mutations

You are very small and have problems with some larger weapons.
You are too small for most types of armour.
You have supernaturally acute eyesight. (SInv)
You are a herbivore.
You cover ground extremely quickly.
You need consume almost no food.


Message History

Throwing (i - inventory):
i - 23 stones (quivered)
Press: ? - help, Shift-Dir - straight line, f - leopard gecko
Aim: a leopard gecko (moderately wounded)
You throw a stone.
The stone completely misses the leopard gecko.
Throwing (i - inventory):
i - 22 stones (quivered)
Press: ? - help, Shift-Dir - straight line, f/p - leopard gecko
Aim: a leopard gecko (moderately wounded, clinging)
You throw a stone. The stone hits the leopard gecko.
The leopard gecko is severely wounded.
The leopard gecko bites you.
You barely miss the leopard gecko.
The leopard gecko is severely wounded.
The leopard gecko misses you.
You barely miss the leopard gecko.
The leopard gecko is severely wounded.
The leopard gecko bites you.
* * * LOW HITPOINT WARNING * * *
The leopard gecko bites you.
You die...

#. ##.....##.##.#
###.###......##.##.##
..........#.##.##...
##.............##.†#
##...................
###................##.#
...................###.
##....(..........# ##
#.#..#@......[...(## #
.#....#l.#....#.......##
g........####.##...#####
##.................#
#....#...#.........#
....#..(.%......#..#
..#....#........##.. .
...#........K .#####
.......


You could see a leopard gecko.

Vanquished Creatures
  A giant cockroach (D:1)
  2 hobgoblins (D:1)
3 creatures vanquished.

Notes
Turn   | Place    | Note
-------+----------+-------------------------------------------
     0 | D:1      | riteheju the Spriggan Assassin began the quest for the Orb.
     0 | D:1      | Reached XP level 1. HP: 10/10 MP: 2/2
    13 | D:1      | Reached skill level 6 in Stealth
   178 | D:1      | Slain by a leopard gecko

Vault maps used:
D:1:      dpeg_arrival_simpleton_a, nrook_mini_vaults

Skill      XL: |  1 |
---------------+----+-----
Stealth        | 6 |  6.2
Fighting       | |  1.5
Short Blades   | |  2.1
Throwing       | |  2.0
Dodging        | |  1.5

Action                   || total
-------------------------++-------
Melee: Dagger            ||    15
Throw: Stone             ||     3
 Stab: Sleeping          ||     1
Armor: Robe              ||     1
Dodge: Dodged            ||     7

Table legend:
 A = Spawn XP
 B = Non-spawn XP
 C = Spawn XP percentage of total XP
 D = Spawn monster count
 E = Non-spawn monster count
 F = Spawn count percentage of total count
 G = Total turns spent on level
                    A         B        C        D         E        F      G
               +---------+---------+-------+---------+---------+-------+---------
         Total |       0 |       6 |   0.0 |       0 |       3 |   0.0 |   178
               +---------+---------+-------+---------+---------+-------+---------
           D:1 |       0 |       6 |   0.0 |       0 |       3 |   0.0 |   178
               +---------+---------+-------+---------+---------+-------+---------
